 Dungeon Crawl Stone Soup version 0.28-a0-1356-g2ad6d04315 (webtiles) character file.

Game seed: 11469059510652968175

10 frimble the Grasshopper (level 2, -1/22 HPs)
             Began as a Demonspawn Warper on Dec 31, 2021.
             Slain by a quokka (4 damage)
             ... on level 1 of the Dungeon.
             The game lasted 00:00:22 (300 turns).

frimble the Grasshopper (Demonspawn Warper)          Turns: 300, Time: 00:00:23

Health: -1/22      AC:  3    Str: 11    XL:     2   Next: 10%
Magic:  5/5        EV: 11    Int: 14    God:
Gold:   0          SH:  0    Dex: 12    Spells: 5/5 levels left

rFire   . . .      SeeInvis .   a - +0 falchion
rCold   . . .      Faith    .   (no shield)
rNeg    . . .      Spirit   .   b - +0 leather armour
rPois   .          Reflect  .   (no helmet)
rElec   .          Harm     .   (no cloak)
rCorr   .          Rampage  .   (no gloves)
Will    .....                   (no boots)
Stlth   +.........              (no amulet)
HPRegen 0.07/turn               (no ring)
MPRegen 0.18/turn               (no ring)

@: no status effects
A: magic regeneration
a: no special abilities


You were on level 1 of the Dungeon.
You visited 1 branch of the dungeon, and saw 1 of its levels.

Inventory:

Hand Weapons
 a - a +0 falchion (weapon)
Missiles
 d - 4 boomerangs of dispersal (quivered)
 e - 14 poisoned darts
Armour
 b - a +0 leather armour (worn)
Scrolls
 c - a scroll of blinking


   Skills:
 - Level 2.0 Fighting
 + Level 2.2 Long Blades
 - Level 0.8 Throwing
 - Level 0.8 Armour
 + Level 2.2 Dodging
 - Level 2.0 Spellcasting
 - Level 2.6 Translocations


You had 5 spell levels left.
You didn't know any spells.
Your spell library contained the following spells:

 Spells                   Type           Power      Damage    Failure   Level
 Blink                    Tloc           16%        N/A       16%         2
 Gell's Gravitas          Tloc           8%         N/A       30%         3
 Lesser Beckoning         Tloc           8%         N/A       30%         3
 Teleport Other           Tloc           8%         N/A       30%         3
 Manifold Assault         Tloc           8%         N/A       96%         5


Dungeon Overview and Level Annotations

Branches:
Dungeon (1/15)

Altars:


Innate Abilities, Weirdness & Mutations

You regenerate magic rapidly.


Message History

You barely miss the kobold. The kobold hits you but does no damage.
A quokka comes into view.
You miss the kobold. The kobold barely misses you.
The quokka twitches its whiskers.
You closely miss the kobold.
The kobold hits you with a +0 short sword. x2
You are too injured to fight recklessly!
You are too injured to fight recklessly!
You are too injured to fight recklessly!
You are too injured to fight recklessly!
You are too injured to fight recklessly!
You are too injured to fight recklessly!
You are too injured to fight recklessly!
You are too injured to fight recklessly!
You are too injured to fight recklessly!
You completely miss the kobold. The kobold barely misses you.
You closely miss the kobold. The quokka barely misses you.
The kobold barely misses you.
You barely miss the kobold. The quokka barely misses you.
The kobold hits you with a +0 short sword.
The quokka bites you.
You barely miss the kobold. The kobold barely misses you.
The quokka barely misses you.
You hit the kobold.
You kill the kobold!
The quokka closely misses you.
The quokka bites you but does no damage.
You miss the quokka. The quokka barely misses you.
You hit the quokka but do no damage. The quokka barely misses you.
You barely miss the quokka. The quokka bites you. x2
* * * LOW HITPOINT WARNING * * *
You don't know any spells.
Unknown command.
Throw: 5 boomerangs (disperse)
Press: ? - help, Q - select action, (/) - cycle Shift-Dir - straight line, f - quokka
Aim: a quokka (46% to hit)
You throw a boomerang of dispersal.
The boomerang of dispersal closely misses the quokka.
The quokka bites you.
You die...

.§.........# ..#
####''######.≈..##.#
≈≈≈≈..≈≈≈≈≈#.≈...#.#
..........≈#.≈.....#
.########.≈#.≈..##.##
..........≈#.≈..##..#
≈≈≈≈..≈≈≈≈≈#8≈..##..##
####''######.≈..##...#
..8)...8..8..≈..@r#).#
≈≈≈≈..≈≈≈≈≈≈≈≈..#........
####.†########..####.####
>.)....# #..# #†##
#####..# #..# #..#
#..#######..# ##.#
#..)........## #.#
#...#.........## #.#
.....###..........###.#


You could see a quokka.

Vanquished Creatures
  A ball python (D:1)
  An endoplasm (D:1)
  A goblin (D:1)
  2 hobgoblins (D:1)
  2 kobolds (D:1)
  A frilled lizard (D:1)
8 creatures vanquished.

Notes
Turn   | Place    | Note
-------+----------+-------------------------------------------
     0 | D:1      | frimble the Demonspawn Warper began the quest for the Orb.
     0 | D:1      | Reached XP level 1. HP: 16/16 MP: 3/3
   235 | D:1      | Gained mutation: You regenerate magic rapidly. [demonic
                  | ancestry]
   235 | D:1      | Reached XP level 2. HP: 19/22 MP: 5/5
   300 | D:1      | Slain by a quokka

Illustrated notes

Levels and vault maps discovered:
D:1:      lightli_arrival_isolated_outpost, layout_rooms,
          corexii_item_surrounded_by_moat, interstate_on_off

Skill      XL: |  1 |
---------------+----+-----
Long Blades    | 2 |  2.2
Dodging        | 2 |  2.2
Fighting       | |  2.0
Throwing       | |  0.8
Armour         | |  0.8
Spellcasting   | |  2.0
Translocations | |  2.6

Action                   || total
-------------------------++-------
Melee: Falchion          ||    29
Throw: Boomerang         ||     1
Armor: Leather armour    ||     7
Dodge: Dodged            ||    24

Table legend: (Time is in decaauts)
 A = Elapsed time spent in this place.
 B = Non-inter-level travel time spent in this place.
 C = Inter-level travel time spent in this place.
 D = Time resting spent in this place.
 E = Time spent auto-exploring this place.
 F = Levels seen in this place.
 G = Mean time per level.
                   A        B        C        D        E       F      G
               +--------+--------+--------+--------+--------+-----+--------+
         Total |    305 |    296 |      9 |      0 |    233 |   1 |  305.0 |
       Dungeon |    305 |    296 |      9 |      0 |    233 |   1 |  305.0 |
               +--------+--------+--------+--------+--------+-----+--------+

Top non-repeatable levels by time:
     D:1: 305 daAuts
